 Dungeon Crawl Stone Soup version 0.29.1-2-gbd0b4ee654 (webtiles) character file.

Game seed: 1932646209306673983

6092 GorkyZ the Spear-Bearer (level 10, -2/90 HPs)
             Began as a Minotaur Fighter on Nov 14, 2022.
             Was a Follower of Dithmenos.
             Slain by a sixfirhy (10 damage)
             ... on level 1 of the Abyss.
             The game lasted 00:34:17 (6885 turns).

GorkyZ the Spear-Bearer (Minotaur Fighter)          Turns: 6885, Time: 00:34:19

Health: -2/90      AC: 19    Str: 28    XL:     10   Next: 58%
Magic:  9/9        EV:  9    Int:  7    God:    Dithmenos [*.....]
Gold:   318        SH:  5    Dex: 11    Spells: 9/9 levels left

rFire   . . .      SeeInvis +   l - +6 spear of the Sun {flame, rPois}
rCold   . . .      Faith    .   F - +0 buckler
rNeg    . . .      Spirit   .   M - +6 plate armour of the Endless Expanse {Regen+ Int+2}
rPois   +          Reflect  .   (helmet restricted)
rElec   .          Harm     .   (no cloak)
rCorr   .          Rampage  .   (no gloves)
Will    .....                   (no boots)
Stlth   ..........              (no amulet)
HPRegen 1.05/turn               p - +6 ring of strength
MPRegen 0.11/turn               y - ring of see invisible

@: wreathed by umbra, studying Translocations
A: horns 2, retaliatory headbutt, weak 1, no potion heal 1
a: Renounce Religion


You were on level 1 of the Abyss.
You worshipped Dithmenos.
Dithmenos was aware of your devotion.
You visited 2 branches of the dungeon, and saw 8 of its levels.
You visited the Abyss 1 time.
You also visited: Sewer.

You collected 318 gold pieces.

Inventory:

Hand Weapons
 a - a +0 flail
 l - the +6 spear of the Sun (weapon) {flame, rPois}
   (You found it on level 2 of the Dungeon)

   It burns those it strikes, dealing additional fire damage.
   rPois:     It protects you from poison.
 J - a +3 dire flail of draining
Armour
 b - a +0 scale mail
 c - a +0 buckler
 g - a +0 scale mail
 u - an orb of light
 x - the +4 ring mail of Cowardice {Will+}
   (You found it in a sewer)

   Will:      It increases your willpower.
 F - a +0 buckler (worn)
 M - the +6 plate armour of the Endless Expanse (worn) {Regen+ Int+2}
   (You found it on level 6 of the Dungeon)

   Int:       It affects your intelligence (+2).
   Regen:     It increases your rate of health regeneration.
 N - a scarf of harm
Jewellery
 p - a +6 ring of strength (left hand)
 y - a ring of see invisible (right hand)
Wands
 H - a wand of paralysis (6)
 K - a wand of roots (3)
Scrolls
 e - a scroll of vulnerability {unknown}
 f - 7 scrolls of identify
 i - 2 scrolls of immolation {unknown}
 n - 2 scrolls of fear {unknown}
 q - 5 scrolls of enchant armour {unknown}
 r - a scroll of amnesia {unknown}
 s - 2 scrolls of enchant weapon {unknown}
 t - 3 scrolls of fog {unknown}
 w - a scroll of silence {unknown}
 A - a scroll of poison {unknown}
 B - a scroll of magic mapping {unknown}
 C - a scroll of teleportation {unknown}
 E - 2 scrolls of noise {unknown}
 I - a scroll of blinking {unknown}
 O - 2 scrolls of summoning {unknown}
Potions
 d - 3 potions of might
 h - a potion of curing
 j - a potion of haste {unknown}
 k - a potion of ambrosia {unknown}
 m - a potion of berserk rage {unknown}
 o - a potion of brilliance {unknown}
 v - 4 potions of mutation {unknown}
 z - a potion of magic {unknown}
 D - 3 potions of heal wounds {unknown}
 G - 2 potions of flight {unknown}
 L - a potion of attraction {unknown}


   Skills:
 * Level 8.7 Fighting
 + Level 3.1 Maces & Flails
 * Level 12.1 Polearms
 + Level 8.3 Armour
 * Level 6.3 Dodging
 - Level 0.4 Stealth
 * Level 7.8 Shields


You had 9 spell levels left.
You didn't know any spells.
Your spell library contained the following spells:

 Spells                   Type           Power      Damage    Failure   Level
 Apportation              Tloc           0%         N/A       99%         1
 Static Discharge         Conj/Air       0%         3-3/arc   100%        2
 Dispel Undead            Necr           0%         3d6       100%        4
 Sticky Flame             Conj/Fire      0%         2d3       100%        4
 Alistair's Intoxication  Tmut/Pois      0%         N/A       100%        5


Dungeon Overview and Level Annotations

Branches:
Dungeon (7/15)             Temple (1/1) D:5           Sewer (visited)

Altars:
Ashenzari
Cheibriados
Dithmenos
Elyvilon
Fedhas
Gozag
Hepliaklqana
Kikubaaqudgha
Makhleb
Nemelex Xobeh
Okawaru
Qazlal
Ru
Sif Muna
Trog
Uskayaw
Vehumet
Wu Jian
Xom
Yredelemnul
Zin
The Shining One

Shops:
D:3 ?

Portals:
Abyss: D:7

Annotations:
D:7 1 transporter


Innate Abilities, Weirdness & Mutations

You have a pair of horns on your head.
You reflexively headbutt those who attack you in melee.
You are weak. (Str -2)
Potions are less effective at restoring your health.


Message History

You closely miss the sixfirhy. Your headbutt misses the sixfirhy.
You hit the sixfirhy. You burn the sixfirhy. Your headbutt misses the sixfirhy.
The sixfirhy is lightly wounded.
You closely miss the sixfirhy. You headbutt the sixfirhy.
The sixfirhy is lightly wounded.
You closely miss the sixfirhy.
The sixfirhy is lightly wounded.
You miss the sixfirhy. Your headbutt misses the sixfirhy.
The sixfirhy is lightly wounded.
You block the sixfirhy's attack.
The sixfirhy hits you but does no damage.
You completely miss the sixfirhy.
The sixfirhy is lightly wounded.
The sixfirhy hits you. The sixfirhy shocks you!
The sixfirhy hits you but does no damage.
You puncture the sixfirhy! You burn the sixfirhy.
The sixfirhy is moderately wounded.
The sixfirhy hits you! The sixfirhy shocks you!
* * * LOW HITPOINT WARNING * * *
The sixfirhy hits you but does no damage.
You miss the sixfirhy. Your headbutt misses the sixfirhy.
The sixfirhy is moderately wounded.
The sixfirhy closely misses you. The sixfirhy barely misses you.
Your system partially rejects the healing.
You feel better.
Your system partially rejects the healing.
You feel better.
You hit the sixfirhy. You burn the sixfirhy. You headbutt the sixfirhy!
The sixfirhy is severely wounded.
The sixfirhy hits you.
* * * LOW HITPOINT WARNING * * *
The sixfirhy shocks you!
* * * LOW HITPOINT WARNING * * *
You puncture the sixfirhy! You burn the sixfirhy.
The sixfirhy is almost dead.
The sixfirhy hits you but does no damage.
The sixfirhy hits you.
* * * LOW HITPOINT WARNING * * *
The sixfirhy shocks you!
You die...

# ####. . . .
. ..... .. ...
.... ## . ..#
..# .##.#.. #.
.#. #.#..#....
. #..#
#.##...... .#
. ..# .
...#...# . .
#..#.#3.#.#.#.
.. ..
...#@....... .
#
.###...##...##
. . .#......
.#.## #
#.....### # .
# # ###...#ยง
# #.#.#.## # .
#. ## . .. .


You could see a sixfirhy.

Vanquished Creatures
  A wretched star (Abyss:1)
  The ghost of Raikaria the Conjurer, a novice GnCj (D:7)
  A cyclops (D:6)
  A rust devil (D:7)
  A smoke demon (Abyss:1)
  Maggie (D:6)
  2 tormentors (Abyss:1)
  An ice devil (Abyss:1)
  A vampire (D:6)
  Eustachio (D:5)
  A neqoxec (Abyss:1)
  Edmund (D:6)
  Duvessa (D:6)
  An orc warrior (D:6)
  2 sky beasts
  3 ogres
  3 kobold brigands (Sewer)
  A phantom (D:6)
  Blork the orc (D:5)
  2 bullfrogs (D:6)
  A scorpion (D:5)
  A gnoll sergeant (D:7)
  Dowan (D:6)
  A howler monkey (D:7)
  A crimson imp (D:7)
  2 small abominations (D:7)
  4 hounds
  2 jellies
  4 orc priests
  2 gnoll boudas
  5 iguanas
  Ijyb (D:5)
  11 orc wizards
  8 adders
  10 gnolls
  2 river rats (D:3)
  2 white imps (D:6)
  5 ufetubi
  3 worms
  2 dart slugs (D:2)
  27 orcs
  8 ball pythons
  7 bats
  5 endoplasms
  6 giant cockroaches
  9 goblins
  3 hobgoblins
  4 jackals (D:1)
  12 kobolds
  7 frilled lizards
  9 rats
192 creatures vanquished.

Vanquished Creatures (others)
  A plant (Sewer)
1 creature vanquished.

Grand Total: 193 creatures vanquished

Notes
Turn   | Place    | Note
-------+----------+-------------------------------------------
     0 | D:1      | GorkyZ the Minotaur Fighter began the quest for the Orb.
     0 | D:1      | Reached XP level 1. HP: 19/19 MP: 0/0
   120 | D:1      | Reached XP level 2. HP: 23/27 MP: 1/1
   857 | D:2      | Reached XP level 3. HP: 6/33 MP: 2/2
  1134 | D:2      | Found a faded altar of an unknown god.
  1196 | D:2      | Identified the +6 spear of the Sun {flame, rPois}
  1939 | D:3      | Found a large runed translucent door.
  1940 | D:3      | Found a large runed translucent door.
  2009 | D:3      | Found a basalt altar of Yredelemnul.
  2012 | D:3      | Reached XP level 4. HP: 40/40 MP: 3/3
  2018 | D:3      | Found a broken altar of Ashenzari.
  2022 | D:3      | Reached skill level 1 in Polearms
  2260 | D:3      | Found Iweejockopn's Magic Scroll Shop.
  2524 | D:3      | Found a glowing drain.
  2533 | Sewer    | Entered a sewer
  2596 | Sewer    | Reached skill level 2 in Polearms
  2631 | Sewer    | Noticed a kobold brigand
  2631 | Sewer    | Noticed a kobold brigand
  2635 | Sewer    | Killed a kobold brigand
  2636 | Sewer    | Reached skill level 3 in Polearms
  2636 | Sewer    | Reached XP level 5. HP: 47/47 MP: 4/4
  2640 | Sewer    | Reached skill level 4 in Polearms
  2640 | Sewer    | Reached skill level 5 in Armour
  2640 | Sewer    | Reached XP level 6. HP: 48/53 MP: 5/5
  2781 | Sewer    | Identified the +4 ring mail of Cowardice {Will+}
  2995 | D:4      | Reached skill level 1 in Dodging
  3023 | D:4      | HP: 2/53 [orc priest/divine providence (14)]
  3026 | D:4      | Reached skill level 5 in Polearms
  3463 | D:4      | Reached XP level 7. HP: 60/60 MP: 6/6
  3466 | D:4      | Reached skill level 5 in Fighting
  3812 | D:4      | Reached skill level 5 in Shields
  3915 | D:5      | Entered Level 5 of the Dungeon
  3963 | D:5      | Reached skill level 6 in Polearms
  3964 | D:5      | Noticed Blork the orc
  3974 | D:5      | Killed Blork the orc
  4108 | D:5      | Reached skill level 7 in Polearms
  4108 | D:5      | Reached XP level 8. HP: 67/70 MP: 7/7
  4208 | D:5      | Found a staircase to the Ecumenical Temple.
  4209 | D:5      | Noticed Eustachio
  4246 | D:5      | Killed Eustachio
  4309 | D:5      | Noticed Ijyb
  4309 | D:5      | Paralysed by Ijyb for 4 turns
  4323 | D:5      | Killed Ijyb
  4415 | D:5      | Reached skill level 8 in Polearms
  4758 | Temple   | Entered the Ecumenical Temple
  4851 | Temple   | Became a worshipper of Dithmenos the Shadowed
  4892 | D:6      | Noticed Edmund
  4904 | D:6      | Killed Edmund
  5264 | D:6      | Noticed Maggie
  5270 | D:6      | Reached skill level 9 in Polearms
  5288 | D:6      | Killed Maggie
  5289 | D:6      | Reached XP level 9. HP: 31/78 MP: 8/8
  5361 | D:6      | Identified the +6 plate armour of the Endless Expanse
                  | {Regen+ Int+2}
  5622 | D:6      | Noticed Dowan
  5623 | D:6      | Noticed Duvessa
  5631 | D:6      | Killed Duvessa
  5639 | D:6      | Killed Dowan
  5670 | D:6      | Noticed a cyclops
  5683 | D:6      | Killed a cyclops
  5684 | D:6      | Reached skill level 10 in Polearms
  5684 | D:6      | Reached skill level 5 in Dodging
  5799 | D:6      | Reached * piety under Dithmenos
  5992 | D:6      | Found a glowing silver altar of Zin.
  6347 | D:7      | Noticed a rust devil
  6379 | D:7      | Found a one-way gate to the infinite horrors of the Abyss.
  6379 | D:7      | Noticed Raikaria's ghost (novice GnCj)
  6409 | D:7      | Found a transporter.
  6413 | D:7      | Found a transporter.
  6432 | D:7      | Killed Raikaria's ghost
  6442 | D:7      | Reached XP level 10. HP: 63/88 MP: 9/9
  6459 | D:7      | Killed a rust devil
  6460 | D:7      | Reached skill level 11 in Polearms
  6548 | D:7      | Voluntarily entered the Abyss.
  6655 | Abyss:1  | Noticed a wretched star
  6678 | Abyss:1  | Killed a wretched star
  6743 | Abyss:1  | Noticed a sixfirhy
  6823 | Abyss:1  | Noticed a smoke demon
  6829 | Abyss:1  | Killed a smoke demon
  6835 | Abyss:1  | Gained mutation: Potions are less effective at restoring
                  | your health. [a neqoxec]
  6837 | Abyss:1  | Gained mutation: You are weak. (Str -2) [a neqoxec]
  6872 | Abyss:1  | Reached skill level 12 in Polearms
  6885 | Abyss:1  | Slain by a sixfirhy

Illustrated notes

Levels and vault maps discovered:
D:1:      grunt_arrival_crossed_arrows, layout_basic
D:2:      layout_basic, nicolae_ecumenical_snake_handling
D:3:      layout_basic, jmf_multi_god_temple2, serial_shops,
          nicolae_square_shop, portal_sewer_entry_e
D:4:      layout_rooms, minmay_fractal_squares_gapless_5
D:5:      layout_rooms, minmay_temple_entry_stoned_glass,
          minmay_misc_feat_ornament, uniq_ijyb, uniq_blork_the_orc,
          uniq_eustachio
D:6:      kennysheep_big_flooded_room, layout_rooms,
          lemuel_coloured_pillars_altar, serial_park_tiny_2,
          minmay_a_box_with_orc_wizards_in_it, uniq_maggie, uniq_duvessa,
          uniq_edmund
D:7:      layout_gridville, gammafunk_ghost_abyssal_escape,
          nicolae_kite_square_tiling_tiny
Temple:   hellmonk_temple_of_storms
Abyss:1:  base:
D:1

Skill      XL: |  1  2  3  4  5  6  7  8  9 10 |
---------------+-------------------------------+-----
Armour         | 4 5 6 7 8 |  8.3
Shields        | 4 5 6 7 |  7.8
Fighting       | 4 5 6 8 |  8.7
Maces & Flails | 3 |  3.1
Polearms       | 3 4 5 7 9 10 12 | 12.1
Dodging        | 1 2 4 5 6 |  6.3
Stealth        | |  0.4

Action                   |  1- 3 |  4- 6 |  7- 9 | 10-12 || total
-------------------------+-------+-------+-------+-------++-------
Melee: Flail             |    54 |       |       |       ||    54
       Headbutt          |     8 |    15 |    55 |    29 ||   107
       Spear             |    31 |   100 |   302 |   123 ||   556
  Use: Scroll            |       |       |     1 |       ||     1
       Potion            |       |       |       |     5 ||     5
Armor: Scale mail        |    37 |    24 |       |       ||    61
       Ring mail         |       |    15 |    65 |       ||    80
       Plate armour      |       |       |    22 |    24 ||    46
Dodge: Dodged            |    41 |    43 |    77 |    23 ||   184
Block: Buckler           |    11 |    17 |    47 |    22 ||    97
